 Dungeon Crawl Stone Soup version 0.30-a0-149-g7f746667c4 (webtiles) character file.

Game seed: 3849270154935424404

442 Turgor the Chopper (level 6, -5/50 HPs)
             Began as a Demonspawn Gladiator on Sept 26, 2022.
             Slain by a hobgoblin
             ... wielding a +1 antimagic hand axe
              (10 damage)
             ... on level 4 of the Dungeon.
             The game lasted 00:19:35 (4284 turns).

Turgor the Chopper (Demonspawn Gladiator)           Turns: 4284, Time: 00:19:36

Health: -5/50      AC:  4    Str: 15      XL:     6   Next: 71%
Magic:  0/6        EV: 15    Int: 11      God:
Gold:   287        SH:  4    Dex: 11 (14) Spells: 3/5 levels left

rFire   . . .      SeeInvis .    a - +0 war axe
rCold   . . .      Faith    .    (no shield)
rNeg    . . .      Spirit   .    b - +0 leather armour
rPois   .          Reflect  .    (helmet restricted)
rElec   .          Harm     .    (no cloak)
rCorr   .          Rampage  .    (no gloves)
Will    .....                    r - +0 pair of boots
Stlth   +.........               (no amulet)
HPRegen 0.16/turn                (no ring)
MPRegen 0.10/turn                (no ring)

@: no status effects
A: antennae 1, repulsion field 2, condensation shield
a: no special abilities


You were on level 4 of the Dungeon.
You visited 1 branch of the dungeon, and saw 4 of its levels.

You collected 287 gold pieces.

Inventory:

Hand Weapons
 a - a +0 war axe (weapon)
Missiles
 g - 19 stones (quivered)
Armour
 b - a +0 leather armour (worn)
 r - a +0 pair of boots (worn)
Jewellery
 j - a ring of fire
Scrolls
 e - 2 scrolls of acquirement {unknown}
 n - a scroll of vulnerability {unknown}
Potions
 c - a potion of cancellation {unknown}
 f - 2 potions of attraction
 h - a potion of magic {unknown}
 i - 3 potions of mutation
 k - 2 potions of flight
 l - a potion of haste {unknown}
 m - a potion of ambrosia {unknown}
 p - 2 potions of curing {unknown}
 q - a potion of berserk rage {unknown}


   Skills:
 + Level 4.9 Fighting
 * Level 5.6 Axes
 - Level 1.7 Throwing
 - Level 2.6 Dodging


You had 3 spell levels left.
You knew the following spells:

 Your Spells              Type           Power      Damage    Failure   Level
a - Wereblood             Tmut           0%         N/A       54%         2

Your spell library contained the following spells:

 Spells                   Type           Power      Damage    Failure   Level
 Beastly Appendage        Tmut           0%         N/A       41%         1
 Spider Form              Tmut/Pois      0%         N/A       78%         3


Dungeon Overview and Level Annotations

Branches:
Dungeon (4/15)
 Temple: D:4-7

Altars:
Cheibriados
Sif Muna

Annotations:
D:3 2 transporters, Potemkin's ghost, weakling DsCK
D:4 Eustachio


Innate Abilities, Weirdness & Mutations

You have a pair of small antennae on your head.
You are surrounded by a moderate repulsion field. (EV +3)
A meltable shield of frost defends you. (SH +4)


Message History

The bat's corpse disappears in a puff of smoke!
You miss the bat. You hit the iron imp. The bat closely misses you.
You block the iron imp's attack.
Eustachio mumbles some strange words.
Eustachio blinks!
The quokka misses you.
Unknown command.
The bat completely misses you. The iron imp hits you. The hobgoblin misses you.
Unknown command.
Unknown command.
You closely miss the hobgoblin. You hit the iron imp.
You hit the quokka but do no damage. The bat barely misses you.
You block the quokka's attack.
The hobgoblin hits you with a +1 antimagic hand axe.
You feel your power leaking away. The iron imp hits you! The quokka bites you.
Unknown command.
You closely miss the hobgoblin. You closely miss the quokka.
You slash the quasit! You closely miss the iron imp.
The quasit completely misses you. You block the quasit's attack. x2
The hobgoblin hits you with a +1 antimagic hand axe.
You feel your power leaking away. The quokka bites you.
* * * LOW HITPOINT WARNING * * *
You block the iron imp's attack. The quasit misses you.
The quasit barely misses you. x2
Unknown command.
You hit the hobgoblin but do no damage. You hit the iron imp.
You closely miss the quokka. You hit the quasit but do no damage.
The quokka closely misses you.
The hobgoblin hits you with a +1 antimagic hand axe!
* * * LOW HITPOINT WARNING * * *
You feel your power leaking away. You block the quasit's attack.
The quasit claws you.
* * * LOW HITPOINT WARNING * * *
You feel clumsy. The quasit closely misses you.
The iron imp shouts, "Scamper home, thou bootless bat-fowling bladder!"
The iron imp barely misses you.
The hobgoblin hits you with a +1 antimagic hand axe!
You die...

.. ##. # ..# #.# #.#
### ... ..#### #@#
.. #.#.. #g# .#
#.... ###@### .. .
#.#.. #.5r5b#
...#.#.#.. #.#.#.#
...#.#.#.. #.#.#.#
#>.....#.. #.(.#.#
#.#....
#.###.########.#....
#.#..†...........#..
#...#####..###.)....
#.#.# #..#.....#..


You could see Eustachio, an iron imp (summoned), a quasit (summoned), a quokka
(summoned), a hobgoblin and a bat (summoned).

Vanquished Creatures
  A phantom (D:4)
  A necrophage (D:4)
  A hound (D:4)
  Natasha (D:2)
  Robin (D:3)
  4 gnolls (D:4)
  9 adders
  A worm (D:3)
  3 dart slugs
  5 bats
  13 endoplasms
  5 giant cockroaches
  17 goblins
  13 hobgoblins
  4 jackals
  8 kobolds
  4 quokkas
  10 ball pythons
  8 frilled lizards
  9 rats
118 creatures vanquished.

Vanquished Creatures (others)
  2 plants (D:1)
2 creatures vanquished.

Grand Total: 120 creatures vanquished

Notes
Turn   | Place    | Note
-------+----------+-------------------------------------------
     0 | D:1      | Turgor the Demonspawn Gladiator began the quest for the
                  | Orb.
     0 | D:1      | Reached XP level 1. HP: 16/16 MP: 1/1
   177 | D:1      | Reached skill level 3 in Axes
   180 | D:1      | Gained mutation: A meltable shield of frost defends you.
                  | (SH +4) [demonic ancestry]
   180 | D:1      | Reached XP level 2. HP: 18/23 MP: 2/2
   965 | D:1      | Reached XP level 3. HP: 28/28 MP: 3/3
  1597 | D:2      | Found a shimmering blue altar of Sif Muna.
  1898 | D:2      | Learned a level 2 spell: Wereblood
  2064 | D:2      | Noticed Natasha
  2071 | D:2      | Gained mutation: You have a pair of small antennae on your
                  | head. [demonic ancestry]
  2071 | D:2      | Reached XP level 4. HP: 35/35 MP: 4/4
  2077 | D:2      | Killed Natasha
  2222 | D:2      | Found a faded altar of an unknown god.
  2426 | D:3      | Reached skill level 4 in Axes
  2445 | D:3      | Found a faded altar of an unknown god.
  2449 | D:3      | Found a snail-covered altar of Cheibriados.
  2845 | D:3      | Gained mutation: You are surrounded by a mild repulsion
                  | field. (EV +2) [demonic ancestry]
  2845 | D:3      | Reached XP level 5. HP: 41/42 MP: 5/5
  2853 | D:3      | Noticed Robin
  3150 | D:3      | Found a transporter.
  3157 | D:3      | Found a transporter.
  3158 | D:3      | Noticed Potemkin's ghost (weakling DsCK)
  3160 | D:3      | Noticed an ogre
  3163 | D:3      | Identified the +5 great mace of Cataclysm {holy, rF+ Str+3
                  | Int-5 Dex+6}
  3163 | D:3      | Noticed an ogre
  3334 | D:3      | Killed Robin
  3920 | D:4      | Gained mutation: You are surrounded by a moderate repulsion
                  | field. (EV +3) [demonic ancestry]
  3920 | D:4      | Reached XP level 6. HP: 40/49 MP: 6/6
  4031 | D:4      | Reached skill level 5 in Axes
  4257 | D:4      | Noticed Eustachio
  4284 | D:4      | Slain by a hobgoblin

Illustrated notes

Levels and vault maps discovered:
D:1:      matt_arrival_refuge, layout_basic, serial_bayou_lake_a
D:2:      layout_loops_corners, hellmonk_ecumenical_altar_inner_sanctum,
          basic_altar, minivault_14, minmay_door_square, uniq_natasha
D:3:      layout_basic, nicolae_overflow_ecumenical_swirl,
          gammafunk_ghost_smash, uniq_robin
D:4:      layout_loops_cross, grunt_temple_overflow_champion_of_chaos,
          uniq_eustachio

Skill      XL: |  1  2  3  4  5  6 |
---------------+-------------------+-----
Axes           | 3 4 5 |  5.6
Fighting       | 3 4 |  4.9
Throwing       | |  1.7
Dodging        | |  2.6

Action                   |  1- 3 |  4- 6 || total
-------------------------+-------+-------++-------
Melee: War axe           |   115 |   249 ||   364
       Punch             |       |     5 ||     5
Throw: Javelin           |     1 |     2 ||     3
       Throwing net      |       |     5 ||     5
       Stone             |       |     2 ||     2
  Use: Scroll            |       |     3 ||     3
 Stab: Sleeping          |     2 |     1 ||     3
       Held in net/web   |       |     1 ||     1
Armor: Leather armour    |    33 |    42 ||    75
Dodge: Dodged            |    64 |   178 ||   242
Block: Other             |    18 |    60 ||    78

Table legend: (Time is in decaauts)
 A = Elapsed time spent in this place.
 B = Non-inter-level travel time spent in this place.
 C = Inter-level travel time spent in this place.
 D = Time resting spent in this place.
 E = Time spent auto-exploring this place.
 F = Levels seen in this place.
 G = Mean time per level.
                   A        B        C        D        E       F      G
               +--------+--------+--------+--------+--------+-----+--------+
         Total |   4411 |   4275 |    136 |    386 |   2710 |   4 | 1102.8 |
       Dungeon |   4411 |   4275 |    136 |    386 |   2710 |   4 | 1102.8 |
               +--------+--------+--------+--------+--------+-----+--------+

Top non-repeatable levels by time:
     D:1: 1421 daAuts
     D:2: 1044 daAuts
     D:3: 1007 daAuts
     D:4: 938 daAuts
